 Dungeon Crawl Stone Soup version 0.30-a0-857-gcaf70739d4 (webtiles) character file.

Game seed: 1774499566272655790

38 Rocko1345 the Chopper (level 3, -2/33 HPs)
             Began as a Hill Orc Monk on Mar 6, 2023.
             Slain by a gnoll
             ... wielding a +0 halberd
              (6 damage)
             ... on level 2 of the Dungeon.
             The game lasted 00:03:10 (820 turns).

Rocko1345 the Chopper (Hill Orc Monk)                Turns: 820, Time: 00:03:11

Health: -2/33      AC:  5    Str: 15    XL:     3   Next: 43%
Magic:  3/3        EV: 10    Int: 10    God:
Gold:   39         SH:  3    Dex: 13    Spells: 2/2 levels left

rFire   x . .      SeeInvis .    a - +0 hand axe
rCold   + . .      Faith    .    l - +0 buckler
rNeg    . . .      Spirit   .    g - +0 ring mail
rPois   .          Reflect  .    (no helmet)
rElec   .          Rampage  .    (no cloak)
rCorr   .                        (no gloves)
Will    .....                    (no boots)
Stlth   +                        (no amulet)
HPRegen 0.25/turn                e - ring of ice
MPRegen 0.08/turn                (no ring)

@: no status effects
A: no striking features
a: no special abilities


You were on level 2 of the Dungeon.
You visited 1 branch of the dungeon, and saw 2 of its levels.

You collected 39 gold pieces.

Inventory:

Hand Weapons
 a - a +0 hand axe (weapon)
 k - a +0 sling
Missiles
 m - 2 javelins (quivered)
Armour
 b - a +0 robe
 f - a +0 barding
 g - a +0 ring mail (worn)
 l - a +0 buckler (worn)
Jewellery
 e - a ring of ice (left hand)
Scrolls
 i - a scroll of enchant armour {unknown}
 j - a scroll of blinking {unknown}
 n - a scroll of enchant weapon {unknown}
 o - a scroll of fog {unknown}
Potions
 d - a potion of heal wounds {unknown}
 h - a potion of lignification {unknown}


   Skills:
 + Level 4.2 Fighting
 + Level 4.9 Axes
 + Level 2.7 Dodging
 + Level 1.6 Stealth


You had 2 spell levels left.
You didn't know any spells.
Your spell library was empty.

Dungeon Overview and Level Annotations

Branches:
Dungeon (2/15)

Altars:


Message History

You hit the gnoll.
The gnoll is heavily wounded.
The gnoll completely misses you.
The gnoll hits you from afar with a +0 spear.
The gnoll closely misses you.
You hit the gnoll but do no damage.
The gnoll is heavily wounded.
The gnoll hits you with a +0 halberd!
* * * LOW HITPOINT WARNING * * *
The gnoll hits you from afar with a +0 spear.
* * * LOW HITPOINT WARNING * * *
The gnoll attacks as you move away! The gnoll closely misses you. x2
Things that are here:
a +0 whip; 2 stones You are confused.
You feel invigorated.
The gnoll hits you from afar with a +0 halberd.
* * * LOW HITPOINT WARNING * * *
You feel less invigorated.
You feel less confused.
You hit the gnoll.
The gnoll is moderately wounded.
The gnoll barely misses you.
You hit the gnoll.
The gnoll is severely wounded.
The gnoll hits you with a +0 spear.
You hit the gnoll but do no damage.
The gnoll is severely wounded.
The gnoll barely misses you.
You hit the gnoll.
The gnoll is almost dead.
The gnoll hits you with a +0 spear.
You slash the gnoll!
You kill the gnoll!
The gnoll hits you with a +0 halberd!
* * * LOW HITPOINT WARNING * * *
You hit the gnoll but do no damage.
The gnoll is heavily wounded.
The gnoll hits you with a +0 halberd.
You die...

. .. ... ..### # # ...
.#. ##.###.# #.gg##.# #
#.###.#@# #.# .# ##g.####
.. # ... #.)...###.#...#
#.# ##..##.......#
#.###.####.###.###
####....####.## ..
.........>........... #
.#####..†.............
##...#####.####..########


You could see a gnoll.

Vanquished Creatures
  A gnoll (D:2)
  A dart slug (D:1)
  5 ball pythons
  A bat (D:1)
  A giant cockroach (D:1)
  3 jackals (D:1)
  2 kobolds
  2 quokkas
  3 frilled lizards
  2 goblins (D:1)
  4 rats
25 creatures vanquished.

Notes
Turn   | Place    | Note
-------+----------+-------------------------------------------
     0 | D:1      | Rocko1345 the Hill Orc Monk began the quest for the Orb.
     0 | D:1      | Reached XP level 1. HP: 19/19 MP: 1/1
    95 | D:1      | Reached XP level 2. HP: 16/27 MP: 2/2
   473 | D:1      | Found a faded altar of an unknown god.
   719 | D:2      | Reached XP level 3. HP: 30/33 MP: 3/3
   820 | D:2      | Slain by a gnoll

Illustrated notes

Levels and vault maps discovered:
D:1:      eino_arrival_cavern_a, layout_rooms,
          hellmonk_ecumenical_altar_run_dry, minmay_misc_feat_rows,
          minmay_misc_feat_plants
D:2:      layout_loops_ring, basic_altar, uniq_natasha

Skill      XL: |  1  2 |
---------------+-------+-----
Fighting       | 4 |  4.2
Axes           | |  4.9
Dodging        | |  2.7
Stealth        | |  1.6

Action                     || total
---------------------------++-------
  Melee: Hand axe          ||    80
    Use: Potion            ||     1
 Armour: Robe              ||    19
         Ring mail         ||     6
  Dodge: Dodged            ||    78
  Block: Buckler           ||     2

Table legend: (Time is in decaauts)
 A = Elapsed time spent in this place.
 B = Non-inter-level travel time spent in this place.
 C = Inter-level travel time spent in this place.
 D = Time resting spent in this place.
 E = Time spent auto-exploring this place.
 F = Levels seen in this place.
 G = Mean time per level.
                   A        B        C        D        E       F      G
               +--------+--------+--------+--------+--------+-----+--------+
         Total |    826 |    775 |     51 |    109 |    348 |   2 |  413.0 |
       Dungeon |    826 |    775 |     51 |    109 |    348 |   2 |  413.0 |
               +--------+--------+--------+--------+--------+-----+--------+

Top non-repeatable levels by time:
     D:1: 677 daAuts
     D:2: 148 daAuts
